 Dungeon Crawl Stone Soup version 0.31-a0-1603-gbec6b6ccbf (webtiles) character file.

Game seed: 8531572654933157896

42 MisterAzrael the Digger (level 3, -1/19 HPs)
             Began as a Deep Elf Earth Elementalist on Jan 7, 2024.
             Slain by an adder (2 damage)
             ... on level 3 of the Dungeon.
             The game lasted 00:02:18 (1351 turns).

MisterAzrael the Digger (DEEE)                      Turns: 1351, Time: 00:02:18

Health: -1/19      AC:  2    Str:  5    XL:     3   Next: 35%
Magic:  5/9        EV: 13    Int: 21    God:
Gold:   115        SH:  5    Dex: 15    Spells: 7/8 levels left

rFire   . . .        f - staff of earth
rCold   . . .        (no shield)
rNeg    . . .        a - +0 robe
rPois   .            (no helmet)
rElec   .            (no cloak)
rCorr   .            (no gloves)
SInv    .            (no boots)
Will    +....        l - amulet of reflection
Stlth   ++           (no ring)
HPRegen 0.23/turn    (no ring)
MPRegen 0.11/turn

%: reflection
@: enlightened, flying
A: no striking features
a: no special abilities


You were on level 3 of the Dungeon.
You visited 1 branch of the dungeon, and saw 3 of its levels.

You collected 115 gold pieces.

Inventory:

Armour
 a - a +0 robe (worn)
Magical Staves
 f - a staff of earth (weapon)
Jewellery
 l - an amulet of reflection (around neck)
Scrolls
 c - a scroll of immolation {unknown}
 d - 3 scrolls of identify {unknown}
 e - a scroll of blinking {unknown}
 j - a scroll of fog {unknown}
 k - a scroll of enchant armour {unknown}
Potions
 b - a potion of magic
 h - a potion of might {unknown}
 i - a potion of degeneration {unknown}
 m - a potion of resistance {unknown}


   Skills:
 + Level 0.3 Staves
 - Level 2.7 Dodging
 - Level 2.7 Stealth
 + Level 3.4 Spellcasting
 * Level 2.0 Conjurations
 * Level 3.7 Earth Magic
 + Level 0.7 Evocations


You had 7 spell levels left.
You knew the following spells:

 Your Spells              Type           Power      Damage    Failure   Level
a - Sandblast             Erth           58%        2d13      2%          1

Your spell library contained the following spells:

 Spells                   Type           Power      Damage    Failure   Level
 Passwall                 Erth           29%        N/A       9%          3
 Stone Arrow              Conj/Erth      46%        3d9       12%         3
 Brom's Barrelling Bould  Conj/Erth      23%        2d4       36%         4
 Petrify                  Alch/Erth      17%        N/A       50%         4


Dungeon Overview and Level Annotations

Branches:
Dungeon (3/15)

Altars:

Shops:
D:1 (   D:2 (


Message History

You closely miss the hobgoblin. You block the hobgoblin's attack.
You hit the hobgoblin.
The hobgoblin is heavily wounded.
The hobgoblin closely misses you.
You hit the hobgoblin.
The hobgoblin is almost dead.
You block the adder's attack. The hobgoblin completely misses you.
The adder closely misses you.
You closely miss the hobgoblin. Your punch misses the hobgoblin.
The hobgoblin is almost dead.
The adder closely misses you. The hobgoblin hits you.
You closely miss the hobgoblin.
The hobgoblin is almost dead.
The adder barely misses you. The hobgoblin closely misses you.
The adder bites you.
You feel a surge of power!
The blast of sand hits the hobgoblin.
You kill the hobgoblin!
The adder misses you.
An adder comes into view.
The adder bites you.
You feel a surge of power!
The blast of sand hits the adder.
The adder is heavily wounded.
You block the adder's attack. The adder bites you.
You feel a surge of power!
The blast of sand hits the adder!
You kill the adder!
The adder bites you. x2
* * * LOW HITPOINT WARNING * * *
Your Conjurations skill increases to level 2!
You are too injured to fight recklessly!
Aiming: Sandblast (safe; 2% risk of failure)
Press: ? - help, Q - select action Shift-Dir - straight line, f - adder
Aim: an adder (72% to hit)
You feel a surge of power!
The blast of sand misses the adder.
The adder bites you.
* * * LOW HITPOINT WARNING * * *
You block the adder's attack.
It was a potion of enlightenment.
You feel very buoyant.
You fly up into the air.
The adder bites you.
You die...

#.#.......#
#.#.......##
#.#........##
#<#.........
###.........###
#.............#
#.###.......#
#.# ###..####
#.# #@.# #.#
#S.# #.# #..#
... ...# ...
.... #.. .:#~##
~# ≈≈ $# #≈


You could see an adder.

Vanquished Creatures
  An adder (D:3)
  2 dart slugs
  A ribbon worm (D:2)
  4 ball pythons
  2 endoplasms (D:1)
  3 goblins
  3 hobgoblins
  2 quokkas (D:1)
  4 bats
  A frilled lizard (D:1)
  A kobold (D:1)
  3 rats (D:2)
27 creatures vanquished.

Notes
Turn   | Place    | Note
-------+----------+-------------------------------------------
     0 | D:1      | MisterAzrael the Deep Elf Earth Elementalist began the
                  | quest for the Orb.
     0 | D:1      | Reached XP level 1. HP: 10/10 MP: 6/6
   223 | D:1      | Reached XP level 2. HP: 15/15 MP: 5/8
   718 | D:1      | Found Meridour's Antique Weapon Shoppe.
  1068 | D:2      | Found Tapliec's Antique Weapon Emporium.
  1228 | D:2      | Reached XP level 3. HP: 19/19 MP: 7/9
  1351 | D:3      | Slain by an adder

Illustrated notes

Levels and vault maps discovered:
D:1:      dpeg_arrival_solitude, layout_basic, serial_shops,
          nicolae_lakefront_shop, nicolae_houndstooth_variations
D:2:      layout_basic, serial_shops, shop, minmay_crystal_room
D:3:      layout_loops_ring, nicolae_gozag_cash_rules_everything_around_me,
          serial_shops, shop_coins, serial_bayou_ford_a, minivault_4

Skill      XL: |  1  2  3 |
---------------+----------+-----
Conjurations   | 2 |  2.0
Staves         | |  0.3
Dodging        | |  2.7
Stealth        | |  2.7
Spellcasting   | |  3.4
Earth Magic    | |  3.7
Evocations     | |  0.7

Action                     || total
---------------------------++-------
  Melee: Staff             ||     5
   Cast: Sandblast         ||    35
    Use: Potion            ||     1
 Armour: Robe              ||     8
  Dodge: Dodged            ||    11
  Block: Other             ||     4

Table legend: (Time is in decaauts)
 A = Elapsed time spent in this place.
 B = Non-inter-level travel time spent in this place.
 C = Inter-level travel time spent in this place.
 D = Time resting spent in this place.
 E = Time spent auto-exploring this place.
 F = Levels seen in this place.
 G = Mean time per level.
                   A        B        C        D        E       F      G
               +--------+--------+--------+--------+--------+-----+--------+
         Total |   1368 |   1329 |     39 |      0 |   1167 |   3 |  456.0 |
       Dungeon |   1368 |   1329 |     39 |      0 |   1167 |   3 |  456.0 |
               +--------+--------+--------+--------+--------+-----+--------+

Top non-repeatable levels by time:
     D:1: 856 daAuts
     D:2: 486 daAuts
     D:3: 25 daAuts
